[ AOE2 MATCH · #488809179 ]
UnrankedMapuche vs Dravidians
Player's team · WIN
[ REPLAY ANALYSIS · EXTRACTED FROM THE RECORDED GAME ]
Feudal
—
Castle
—
Imperial
—
| APM avg | 93.1 |
| APM peak | 145 |
| eAPM avg | 66.8 |
| Villagers / military | 182 / 254 |
Focus
⚔️ 61.8% · 🌾 38.2%
Skirmisher ×118 · Unknown (2550) ×110 · Spearman ×67 · Kona ×52 · Trebuchet (Packed) ×9 · Archer ×4
Feudal
8:50
Castle
18:41
Imperial
35:31
| APM avg | 87.7 |
| APM peak | 139 |
| eAPM avg | 46.4 |
| Villagers / military | 224 / 288 |
Focus
⚔️ 48.0% · 🌾 52.0%
Skirmisher ×178 · Hand Cannoneer ×53 · Elephant Archer ×22 · Trebuchet (Packed) ×14 · Spearman ×9 · Monk ×5
Match map
Initial resources + every placement click. Lines = walls · curves = elevation contours. ◆ gold · ⬟ stone · ● berries · ✦ relic · ◌ wall gap
Your base· Open — unwalled flank
TdB.DavidVJ's base· Open — unwalled flank
Smoothed initial terrain · ◌ = detected wall gap · hover for details
Inputs per minute
— Saturno 1343 - - TdB.DavidVJ
Build order — Saturno 1343
First 150 of 769 actions detected
| 0:01 | Queue | Villager (Male) |
| 0:01 | Build | House |
| 0:02 | Build | House |
| 0:15 | Queue | Villager (Male) |
| 0:15 | Queue | Villager (Male) |
| 0:16 | Queue | Villager (Male) |
| 1:12 | Queue | Villager (Male) |
| 1:12 | Queue | Villager (Male) |
| 1:43 | Queue | Villager (Male) |
| 2:06 | Build | Settlement |
| 2:13 | Queue | Villager (Male) |
| 2:43 | Queue | Villager (Male) |
| 2:43 | Queue | Villager (Male) |
| 3:07 | Queue | Villager (Male) |
| 3:28 | Queue | Villager (Male) |
| 3:28 | Queue | Villager (Male) |
| 3:46 | Queue | Villager (Male) |
| 4:07 | Queue | Villager (Male) |
| 4:07 | Queue | Villager (Male) |
| 4:24 | Queue | Villager (Male) |
| 4:26 | Queue | Villager (Male) |
| 5:37 | Queue | Villager (Male) |
| 5:45 | Queue | Villager (Male) |
| 5:45 | Queue | Villager (Male) |
| 5:47 | Queue | Villager (Male) |
| 5:48 | Build | Settlement |
| 5:52 | Queue | Villager (Male) |
| 5:52 | Queue | Villager (Male) |
| 5:58 | Research | Loom |
| 6:40 | Research | Feudal Age |
| 6:41 | Queue | Villager (Male) |
| 6:55 | Queue | Villager (Male) |
| 7:09 | Build | Settlement |
| 7:13 | Queue | Villager (Male) |
| 7:42 | Queue | Villager (Male) |
| 7:50 | Queue | Villager (Male) |
| 7:58 | Build | House |
| 7:59 | Build | Palisade Wall |
| 8:05 | Build | Palisade Wall |
| 8:06 | Queue | Villager (Male) |
| 8:09 | Build | Palisade Wall |
| 8:10 | Build | Palisade Wall |
| 8:15 | Build | Palisade Wall |
| 8:16 | Build | Palisade Wall |
| 8:26 | Queue | Villager (Male) |
| 8:54 | Build | Palisade Wall |
| 9:03 | Build | Barracks |
| 9:18 | Research | Double-Bit Axe |
| 9:26 | Queue | Villager (Male) |
| 9:29 | Queue | Villager (Male) |
| 9:32 | Queue | Villager (Male) |
| 9:41 | Build | Palisade Gate |
| 9:43 | Build | House |
| 9:58 | Queue | Spearman |
| 10:12 | Queue | Villager (Male) |
| 10:18 | Research | Horse Collar |
| 10:24 | Queue | Villager (Male) |
| 10:37 | Build | Farm |
| 10:39 | Build | Farm |
| 10:41 | Build | Farm |
| 10:42 | Queue | Villager (Male) |
| 11:08 | Build | Farm |
| 11:08 | Queue | Villager (Male) |
| 11:34 | Build | Farm |
| 11:41 | Build | Archery Range |
| 11:46 | Queue | Villager (Male) |
| 11:47 | Queue | Spearman |
| 12:02 | Queue | Villager (Male) |
| 12:14 | Queue | Villager (Male) |
| 12:16 | Queue | Villager (Male) |
| 12:21 | Queue | Villager (Male) |
| 12:28 | Build | Farm |
| 12:30 | Build | Farm |
| 12:31 | Queue | Villager (Male) |
| 12:37 | Queue | Archer |
| 12:37 | Queue | Archer |
| 12:37 | Queue | Villager (Male) |
| 12:43 | Build | Settlement |
| 12:51 | Build | Farm |
| 13:03 | Queue | Villager (Male) |
| 13:05 | Build | Farm |
| 13:22 | Queue | Villager (Male) |
| 13:27 | Queue | Villager (Male) |
| 13:30 | Build | Farm |
| 13:32 | Queue | Villager (Male) |
| 13:38 | Build | Farm |
| 13:39 | Queue | Villager (Male) |
| 13:43 | Queue | Villager (Male) |
| 13:52 | Queue | Archer |
| 13:55 | Build | Farm |
| 14:16 | Queue | Villager (Male) |
| 14:20 | Build | Farm |
| 14:32 | Queue | Villager (Male) |
| 15:01 | Queue | Villager (Male) |
| 15:03 | Research | Wheelbarrow |
| 15:24 | Build | House |
| 16:12 | Queue | Villager (Male) |
| 16:13 | Build | Blacksmith |
| 16:37 | Build | Palisade Wall |
| 16:42 | Research | Castle Age |
| 16:42 | Research | Castle Age |
| 16:43 | Research | Castle Age |
| 17:03 | Research | Gold Mining |
| 17:16 | Queue | Villager (Male) |
| 17:19 | Queue | Skirmisher |
| 17:32 | Build | Palisade Wall |
| 18:04 | Queue | Villager (Male) |
| 18:30 | Queue | Villager (Male) |
| 18:46 | Queue | Villager (Male) |
| 18:50 | Build | Market |
| 19:22 | Research | Forging |
| 19:29 | Build | Town Center |
| 19:34 | Build | Siege Workshop |
| 19:35 | Queue | Villager (Male) |
| 19:38 | Build | Town Center |
| 19:43 | Research | Bow Saw |
| 19:44 | Queue | Villager (Male) |
| 19:49 | Queue | Villager (Male) |
| 19:51 | Queue | Villager (Male) |
| 19:59 | Queue | Villager (Male) |
| 20:08 | Queue | Mangonel |
| 20:17 | Queue | Villager (Male) |
| 20:18 | Queue | Villager (Male) |
| 20:21 | Build | Palisade Wall |
| 20:27 | Queue | Villager (Male) |
| 20:46 | Queue | Villager (Male) |
| 20:50 | Build | Farm |
| 20:51 | Build | Farm |
| 20:55 | Queue | Villager (Male) |
| 21:00 | Queue | Villager (Male) |
| 21:08 | Research | Scale Mail Armor |
| 21:10 | Queue | Villager (Male) |
| 21:11 | Queue | Villager (Male) |
| 21:12 | Build | Farm |
| 21:16 | Build | Farm |
| 21:18 | Build | Farm |
| 21:22 | Queue | Villager (Male) |
| 21:25 | Build | Monastery |
| 21:28 | Queue | Villager (Male) |
| 21:32 | Build | House |
| 21:33 | Queue | Villager (Male) |
| 21:36 | Build | Palisade Gate |
| 21:37 | Queue | Villager (Male) |
| 21:43 | Queue | Villager (Male) |
| 21:50 | Queue | Villager (Male) |
| 21:51 | Queue | Villager (Male) |
| 21:53 | Build | Farm |
| 21:58 | Queue | Villager (Male) |
| 22:04 | Queue | Monk |
| 22:06 | Queue | Spearman |
Build order — TdB.DavidVJ
First 150 of 757 actions detected
| 0:00 | Queue | Villager (Male) |
| 0:00 | Queue | Villager (Male) |
| 0:00 | Queue | Villager (Male) |
| 0:01 | Build | House |
| 0:02 | Build | House |
| 0:03 | Queue | Villager (Male) |
| 0:03 | Queue | Villager (Male) |
| 1:23 | Queue | Villager (Male) |
| 1:59 | Queue | Villager (Male) |
| 2:01 | Queue | Villager (Male) |
| 2:01 | Queue | Villager (Male) |
| 2:16 | Build | Lumber Camp |
| 2:29 | Queue | Villager (Male) |
| 2:29 | Queue | Villager (Male) |
| 3:03 | Queue | Villager (Male) |
| 3:04 | Queue | Villager (Male) |
| 3:37 | Queue | Villager (Male) |
| 3:37 | Queue | Villager (Male) |
| 3:49 | Build | House |
| 4:03 | Build | Palisade Wall |
| 4:08 | Queue | Villager (Male) |
| 4:50 | Queue | Villager (Male) |
| 4:51 | Queue | Villager (Male) |
| 5:04 | Build | Mill |
| 5:21 | Queue | Villager (Male) |
| 5:23 | Queue | Villager (Male) |
| 5:41 | Build | House |
| 6:08 | Research | Loom |
| 6:35 | Research | Feudal Age |
| 6:36 | Research | Feudal Age |
| 7:58 | Build | Barracks |
| 8:01 | Queue | Villager (Male) |
| 8:42 | Build | House |
| 8:50 | Age | Feudal Age |
| 8:51 | Build | Stable |
| 8:55 | Research | Double-Bit Axe |
| 9:06 | Queue | Villager (Male) |
| 9:46 | Queue | Villager (Male) |
| 9:46 | Queue | Scout Cavalry |
| 9:48 | Build | House |
| 9:50 | Build | Farm |
| 9:50 | Queue | Villager (Male) |
| 9:52 | Build | House |
| 9:52 | Build | House |
| 9:54 | Queue | Scout Cavalry |
| 9:56 | Queue | Villager (Male) |
| 9:57 | Build | Farm |
| 10:00 | Build | Farm |
| 10:02 | Queue | Villager (Male) |
| 10:09 | Build | House |
| 10:15 | Build | House |
| 10:18 | Queue | Scout Cavalry |
| 10:32 | Queue | Villager (Male) |
| 10:36 | Build | Palisade Wall |
| 10:41 | Build | Farm |
| 10:56 | Queue | Villager (Male) |
| 11:00 | Queue | Scout Cavalry |
| 11:01 | Queue | Villager (Male) |
| 11:05 | Build | Farm |
| 11:25 | Queue | Villager (Male) |
| 11:42 | Queue | Villager (Male) |
| 11:44 | Queue | Villager (Male) |
| 11:45 | Build | Farm |
| 11:47 | Build | Farm |
| 11:52 | Build | House |
| 11:56 | Queue | Villager (Male) |
| 11:57 | Build | Farm |
| 12:13 | Queue | Villager (Male) |
| 12:19 | Build | Farm |
| 12:28 | Build | House |
| 12:29 | Build | House |
| 12:39 | Queue | Villager (Male) |
| 12:41 | Build | Farm |
| 12:54 | Queue | Villager (Male) |
| 13:01 | Build | Farm |
| 13:25 | Queue | Villager (Male) |
| 13:27 | Build | Mining Camp |
| 13:37 | Build | House |
| 13:37 | Build | Palisade Wall |
| 13:53 | Build | Farm |
| 13:56 | Queue | Villager (Male) |
| 13:57 | Queue | Villager (Male) |
| 13:58 | Queue | Villager (Male) |
| 14:08 | Queue | Villager (Male) |
| 14:19 | Build | Farm |
| 14:19 | Build | Farm |
| 14:23 | Build | Palisade Wall |
| 14:57 | Queue | Villager (Male) |
| 15:07 | Build | Blacksmith |
| 15:17 | Queue | Villager (Male) |
| 15:50 | Build | House |
| 15:57 | Research | Castle Age |
| 15:57 | Research | Castle Age |
| 16:03 | Queue | Villager (Male) |
| 16:44 | Research | Horse Collar |
| 16:44 | Research | Gold Mining |
| 16:44 | Research | Gold Mining |
| 16:53 | Build | Archery Range |
| 17:19 | Queue | Villager (Male) |
| 18:41 | Age | Castle Age |
| 18:44 | Build | Town Center |
| 18:45 | Queue | Villager (Male) |
| 18:46 | Build | Town Center |
| 18:49 | Research | Bow Saw |
| 18:49 | Research | Bow Saw |
| 19:03 | Research | Heavy Plow |
| 19:03 | Research | Heavy Plow |
| 19:04 | Queue | Villager (Male) |
| 19:23 | Queue | Villager (Male) |
| 19:33 | Queue | Villager (Male) |
| 19:34 | Queue | Villager (Male) |
| 19:44 | Queue | Villager (Male) |
| 19:48 | Build | Monastery |
| 19:57 | Queue | Villager (Male) |
| 19:58 | Queue | Villager (Male) |
| 19:58 | Queue | Villager (Male) |
| 20:01 | Build | Farm |
| 20:04 | Build | Farm |
| 20:05 | Queue | Villager (Male) |
| 20:26 | Queue | Villager (Male) |
| 20:27 | Build | Farm |
| 20:28 | Build | Farm |
| 20:28 | Build | Farm |
| 20:29 | Queue | Villager (Male) |
| 20:29 | Queue | Villager (Male) |
| 20:29 | Queue | Villager (Male) |
| 20:30 | Queue | Villager (Male) |
| 20:38 | Queue | Monk |
| 20:45 | Queue | Villager (Male) |
| 20:47 | Build | Farm |
| 20:48 | Build | Farm |
| 20:49 | Build | Farm |
| 20:50 | Queue | Villager (Male) |
| 20:55 | Queue | Villager (Male) |
| 20:58 | Build | Farm |
| 21:02 | Queue | Monk |
| 21:03 | Queue | Monk |
| 21:03 | Queue | Villager (Male) |
| 21:18 | Build | Farm |
| 21:20 | Build | Farm |
| 21:21 | Queue | Villager (Male) |
| 21:21 | Queue | Villager (Male) |
| 21:30 | Queue | Villager (Male) |
| 21:30 | Queue | Villager (Male) |
| 21:41 | Queue | Villager (Male) |
| 21:43 | Build | Farm |
| 21:45 | Build | Farm |
| 21:45 | Queue | Villager (Male) |
| 21:59 | Queue | Villager (Male) |
| 22:00 | Queue | Villager (Male) |
Match timeline
| 4:03 | TdB.DavidVJ · wall_segment Palisade Wall x1 |
| 7:58 | TdB.DavidVJ · first_building Barracks |
| 7:59 | Saturno 1343 · wall_segment Palisade Wall x8 |
| 8:05 | Saturno 1343 · wall_segment Palisade Wall x7 |
| 8:09 | Saturno 1343 · wall_segment Palisade Wall x1 |
| 8:10 | Saturno 1343 · wall_segment Palisade Wall x2 |
| 8:15 | Saturno 1343 · wall_segment Palisade Wall x1 |
| 8:16 | Saturno 1343 · wall_segment Palisade Wall x1 |
| 8:50 | TdB.DavidVJ · age_up feudal |
| 8:51 | TdB.DavidVJ · first_building Stable |
| 8:54 | Saturno 1343 · wall_segment Palisade Wall x1 |
| 9:03 | Saturno 1343 · first_building Barracks |
| 10:36 | TdB.DavidVJ · wall_segment Palisade Wall x8 |
| 11:41 | Saturno 1343 · first_building Archery Range |
| 13:37 | TdB.DavidVJ · wall_segment Palisade Wall x9 |
| 14:23 | TdB.DavidVJ · wall_segment Palisade Wall x1 |
| 16:37 | Saturno 1343 · wall_segment Palisade Wall x1 |
| 16:53 | TdB.DavidVJ · first_building Archery Range |
| 17:32 | Saturno 1343 · wall_segment Palisade Wall x1 |
| 18:41 | TdB.DavidVJ · age_up castle |
| 19:34 | Saturno 1343 · first_building Siege Workshop |
| 19:48 | TdB.DavidVJ · first_building Monastery |
| 20:21 | Saturno 1343 · wall_segment Palisade Wall x1 |
| 21:25 | Saturno 1343 · first_building Monastery |
| 23:40 | TdB.DavidVJ · first_building Siege Workshop |
| 24:32 | Saturno 1343 · first_market_sell 100 wood |
| 26:06 | Saturno 1343 · first_market_buy 100 food |
| 27:17 | TdB.DavidVJ · first_market_sell 100 food |
| 29:33 | Saturno 1343 · first_building Castle |
| 29:38 | TdB.DavidVJ · first_building Castle |
| 32:04 | TdB.DavidVJ · first_market_buy 100 food |
| 35:31 | TdB.DavidVJ · age_up imperial |
| 49:24 | TdB.DavidVJ · resign |
[ AI ANALYSIS · 1 CREDIT ]
What really happened in this match?
Wolo.gg analyzes every decision: build order, eco, micro, common mistakes by bracket. Personalized analysis on WhatsApp or Discord in 30 seconds.
Civ guide
Mapuche
Perfil
Jugador #24977465